 Dungeon Crawl Stone Soup version 0.21.1-1-g345015f (webtiles) character file.

690 letownia2 the Destroyer (level 7, -3/36 HPs)
             Began as a Tengu Air Elementalist on Mar 3, 2018.
             Slain by an ogre
             ... wielding a +0 giant club
              (15 damage)
             ... on level 6 of the Dungeon.
             The game lasted 00:14:31 (1713 turns).

letownia2 the Destroyer (Tengu Air Elementalist)    Turns: 1713, Time: 00:14:32

Health: -3/36      AC:  5    Str:  9    XL:     7   Next: 63%
Magic:  10/13      EV: 12    Int: 17    God:
Gold:   166        SH:  0    Dex: 14    Spells: 4/13 levels left

rFire    . . .     SeeInvis .   b - +0 falchion (flame)
rCold    . . .     Gourm    .   (no shield)
rNeg     . . .     Faith    .   n - +0 leather armour
rPois    .         Spirit   .   (helmet restricted)
rElec    .         Reflect  .   B - +0 cloak
rCorr    .         Harm     .   A - +0 pair of gloves
MR       .....                  (boots unavailable)
Stlth    ++........             (no amulet)
HPRegen  0.12/turn              d - ring of wizardry
MPRegen  0.13/turn              (no ring)

@: very slightly contaminated
A: beak, talons 3, able to fly 1
a: Fly


You were on level 6 of the Dungeon.
You were not hungry.

You visited 1 branch of the dungeon, and saw 6 of its levels.

You collected 166 gold pieces.

Inventory:

Hand Weapons
 a - a +2 dagger of speed
 b - a +0 falchion of flaming (weapon)
 u - a +1 trident of venom
 w - a +0 whip of electrocution
Armour
 f - a +0 robe
 n - a +0 leather armour (worn)
 s - a +0 ring mail
 A - a +0 pair of gloves (worn)
 B - a +0 cloak (worn)
Jewellery
 d - a ring of wizardry (left hand)
Wands
 o - a wand of paralysis (27)
 t - a wand of iceblast (8)
Scrolls
 h - 2 scrolls of enchant weapon {unknown}
 i - a scroll of identify {unknown}
 j - a scroll of enchant armour {unknown}
 k - a scroll of remove curse {unknown}
 l - 3 scrolls of fear {unknown}
 m - 2 scrolls of teleportation {unknown}
 q - a scroll of amnesia {unknown}
 r - a scroll of noise {unknown}
 x - 2 scrolls of random uselessness {unknown}
 y - a scroll of torment {unknown}
 z - a scroll of immolation {unknown}
Potions
 p - a potion of curing
 v - 2 potions of agility {unknown}
Books
 e - a book of Air

   Spells                             Type                      Level
   a - Shock                          Conjuration/Air              1
   b - Swiftness                      Charms/Air                   2
   c - Static Discharge               Conjuration/Air              3
   d - Airstrike                      Air                          4
   e - Lightning Bolt                 Conjuration/Air              5
 g - a book of Minor Magic

   Spells                             Type                      Level
   a - Magic Dart                     Conjuration                  1
   b - Blink                          Translocation                2
   c - Call Imp                       Summoning                    2
   d - Slow                           Hexes                        2
   e - Conjure Flame                  Conjuration/Fire             3
   f - Mephitic Cloud                 Conjuration/Poison/Air       3
Comestibles
 c - 7 rations
 C - 3 chunks of flesh


   Skills:
 - Level 2.1 Dodging
 - Level 2.0 Stealth
 + Level 3.5 Spellcasting
 - Level 9.7 Conjurations
 - Level 4.0 Air Magic


You had 4 spell levels left.
You knew the following spells:

 Your Spells              Type           Power        Failure   Level  Hunger
a - Shock                 Conj/Air       ####         1%          1    None
b - Blink                 Tloc           N/A          14%         2    ##.....
c - Conjure Flame         Conj/Fire      ###.....     4%          3    ###....
e - Mephitic Cloud        Conj/Pois/Air  ###.....     4%          3    ###....


Dungeon Overview and Level Annotations

Branches:
Dungeon (6/15)
 Temple: D:4-7

Altars:
Ru
Sif Muna

Shops:
D:5 (

Annotations:
D:4 Pikel; erloom's ghost, amateur DDFi


Innate Abilities, Weirdness & Mutations

You have a beak for a mouth.
You have claws for feet.
You can fly.


Message History

You see here a bullfrog corpse.
Found a stone staircase leading down.
Found 13 gold pieces.
Found 9 gold pieces.
A giant cockroach comes into view.
You see here 13 gold pieces.
You now have 157 gold pieces (gained 13).
You now have 166 gold pieces (gained 9).
There are no items here.
An ogre comes into view. It is wielding a giant club.
The ogre shouts!
You closely miss the ogre. You claw the ogre. You peck the ogre.
The ogre is moderately wounded.
The ogre hits you with a giant club!
Casting: Mephitic Cloud
Confirm with . or Enter, or press ? or * to list all spells.
You miscast Blink.
You are very lightly contaminated with residual magic.
You feel a wrenching sensation. The ogre hits you with a giant club!
You die...

## # .#
#.#######.#
#####.#...@O..#
..........#####
####.#.#.# ###
#.#.#.# ..##
#.#.#.# ..>#
#.....# #..#
###.###
#.###..# #.#
#......# #.#


You could see an ogre.

Vanquished Creatures
  Grinder (D:5)
  A centaur (D:6)
  A bullfrog (D:6)
  A scorpion (D:5)
  2 bullfrog skeletons (D:5)
  An iguana (D:6)
  An orc wizard (D:4)
  2 worker ants (D:4)
  A worker ant zombie (D:5)
  3 gnolls (D:4)
  4 adders
  A shadow imp (D:5)
  2 worms (D:3)
  2 dart slugs (D:3)
  3 leopard geckos (D:3)
  8 orcs
  3 giant cockroaches
  2 goblins (D:3)
  3 quokkas
  2 ball pythons
  A frilled lizard (D:3)
  A quokka skeleton (D:4)
  2 quokka zombies
48 creatures vanquished.

Notes
Turn   | Place    | Note
-------+----------+-------------------------------------------
     0 | D:1      | letownia2 the Tengu Air Elementalist began the quest for the Orb.
     0 | D:1      | Reached XP level 1. HP: 10/10 MP: 4/4
    37 | D:3      | Reached skill level 2 in Conjurations
    63 | D:3      | Reached XP level 2. HP: 8/15 MP: 0/6
    63 | D:3      | Reached skill level 3 in Conjurations
   157 | D:3      | Reached XP level 3. HP: 13/19 MP: 1/7
   157 | D:3      | Reached skill level 4 in Conjurations
   164 | D:3      | Learned a level 3 spell: Mephitic Cloud
   287 | D:4      | Found a deep blue altar of Sif Muna.
   287 | D:4      | Found a sacrificial altar of Ru.
   345 | D:4      | Reached skill level 5 in Conjurations
   345 | D:4      | Reached XP level 4. HP: 24/24 MP: 2/8
   369 | D:4      | Learned a level 3 spell: Conjure Flame
   486 | D:4      | Noticed erloom's ghost (amateur DDFi)
   490 | D:5      | Entered Level 5 of the Dungeon
   516 | D:5      | Reached skill level 6 in Conjurations
   516 | D:5      | Gained mutation: You can fly. [Tengu growth]
   516 | D:5      | Reached XP level 5. HP: 15/28 MP: 5/9
   807 | D:4      | Reached skill level 7 in Conjurations
   928 | D:4      | Noticed a slave
   929 | D:4      | Noticed Pikel
   930 | D:4      | Noticed a slave
   931 | D:4      | Noticed a slave
   945 | D:4      | Noticed a slave
  1128 | D:5      | Reached XP level 6. HP: 17/32 MP: 5/10
  1151 | D:5      | Found Zezec's Antique Weapon Shop.
  1260 | D:5      | Reached skill level 8 in Conjurations
  1300 | D:5      | Learned a level 2 spell: Blink
  1364 | D:5      | Noticed Grinder
  1367 | D:5      | Paralysed by Grinder for 5 turns
  1385 | D:5      | Killed Grinder
  1385 | D:5      | Reached skill level 9 in Conjurations
  1385 | D:5      | Reached XP level 7. HP: 20/36 MP: 7/11
  1713 | D:6      | Slain by an ogre

Skill      XL: |  1  2  3  4  5  6  7 |
---------------+----------------------+-----
Conjurations   | 2 3 5 6 7 9 |  9.7
Spellcasting   | 3 |  3.5
Dodging        | |  2.1
Stealth        | |  2.0
Air Magic      | |  4.0

Action                   |  1- 3 |  4- 6 |  7- 9 || total
-------------------------+-------+-------+-------++-------
Melee: Dagger            |     1 |    20 |       ||    21
       Peck              |       |    13 |     2 ||    15
       Kick              |       |    11 |     4 ||    15
       Falchion          |       |    17 |     8 ||    25
 Cast: Shock             |    23 |    38 |     8 ||    69
       Mephitic Cloud    |       |     8 |     7 ||    15
       Conjure Flame     |       |     5 |       ||     5
Evoke: Wand              |       |     2 |       ||     2
  Use: Potion            |       |     1 |       ||     1
 Stab: Confused          |       |     1 |       ||     1
       Paralysed         |       |     7 |       ||     7
  Eat: Chunk             |       |     3 |     3 ||     6
Armor: Robe              |     1 |       |       ||     1
       Leather armour    |       |       |     5 ||     5
Dodge: Dodged            |     5 |    31 |    11 ||    47
       Rpst.: Falchion   |       |     2 |     1 ||     3
